 Dungeon Crawl Stone Soup version 0.31-a0-833-gc15d34cb79 (webtiles) character file.

Game seed: 8647504649578244653

423 redmage the Changeling (level 6, 0/36 (38) HPs)
             Began as an Octopode Shapeshifter on Sept 25, 2023.
             Shot with an arrow by a centaur (4 damage)
             ... on level 5 of the Dungeon.
             The game lasted 00:12:58 (3425 turns).

redmage the Changeling (Octopode Shapeshifter)      Turns: 3425, Time: 00:12:59

HP:   0/36 (38)     AC:  1    Str: 13    XL:     6   Next: 95%
MP:   6/6           EV: 13    Int: 19    God:
Gold: 242           SH:  0    Dex: 13    Spells: 5/5 levels left

rFire   . .          .
                       - Unarmed
rCold   . . .        (no shield)
rNeg    . . .        (helmet currently unavailable)
rPois   .            (no amulet)
rElec   .            p - +6 ring of intelligence
rCorr   .            (no ring)
SInv    .            (no ring)
Will    .....        (no ring)
Stlth   ++           (no ring)
HPRegen 0.26/turn    (no ring)
MPRegen 0.10/turn    (no ring)
                     (no ring)

%: no passive effects
@: beast-form, drained
A: beast (slay +3), almost no armour, amphibious, 8 rings, camouflage 1,
gelatinous body 1, (nimble swimmer 1), tentacles
a: Begin Untransformation


You were on level 5 of the Dungeon.
You were a hulking beast.
You visited 1 branch of the dungeon, and saw 5 of its levels.

You collected 242 gold pieces.

Inventory:

Missiles
 n - 4 boomerangs (quivered)
Magical Staves
 g - a staff of cold
Jewellery
 p - a +6 ring of intelligence (left tentacle)
Talismans
 b - a beast talisman (active)
 c - a flux talisman
 f - a blade talisman
Wands
 u - a wand of roots (14)
 z - a wand of flame (7)
Scrolls
 d - 4 scrolls of teleportation
 e - 3 scrolls of immolation
 h - a scroll of fog
 i - a scroll of summoning {unknown}
 k - 2 scrolls of enchant armour
 r - a scroll of brand weapon {unknown}
 s - a scroll of blinking
 w - a scroll of fear
 y - a scroll of poison
Potions
 a - a potion of lignification
 j - a potion of mutation
 l - 2 potions of ambrosia {unknown}
 m - 2 potions of might {unknown}
 o - 4 potions of curing
 q - a potion of resistance
 t - 2 potions of berserk rage {unknown}
 x - 3 potions of haste {unknown}
 A - a potion of magic


   Skills:
 - Level 1.0 Fighting
 - Level 2.0 Dodging
 - Level 5.0 Unarmed Combat
 + Level 6.0 Shapeshifting


You had 5 spell levels left.
You didn't know any spells.
Your spell library contained the following spells:

 Spells                   Type           Power      Damage    Failure   Level
 Ensorcelled Hibernation  Hex/Ice        0%         N/A       30%         2
 Passwall                 Tmut/Erth      0%         N/A       30%         2
 Gell's Gravitas          Tloc           0%         N/A       52%         3
 Swiftness                Air            0%         N/A       52%         3
 Teleport Other           Tloc           0%         N/A       52%         3
 Dispersal                Tloc           0%         N/A       100%        6


Dungeon Overview and Level Annotations

Branches:
Dungeon (5/15)
 Temple: D:4-7

Altars:
Cheibriados
Vehumet
The Shining One


Innate Abilities, Weirdness & Mutations

You are a hulking beast.
Your limbs bulge with bestial killing power. (Slay +3)
You cannot wear most types of armour.
You are amphibious.
You can wear up to eight rings at the same time.
Your skin changes colour to match your surroundings (Stealth+).
Your rubbery body absorbs attacks. (AC +1, EV +1)
((You are camouflaged when in or above water. (Stealth+)))
You have tentacles for arms and can constrict up to eight enemies at once.


Message History

* * * LOW HITPOINT WARNING * * *
The centaur closely misses you.
You tentacle-slap the centaur.
The centaur is almost dead.
The centaur hits you.
* * * LOW HITPOINT WARNING * * *
The centaur misses you. x2
The centaur kicks you but does no damage.
You tentacle-slap the centaur.
You kill the centaur!
Items here: )) [ †.
You flicker for a moment.
You flicker back into view.
You now have 225 gold pieces (gained 6).
You now have 233 gold pieces (gained 8).
You now have 242 gold pieces (gained 9).
r - a scroll labelled SAOZIU TOHUFO A hound comes into view.
The hound barks!
You tentacle-slap the hound. You grab the hound.
The hound is moderately wounded.
You constrict the hound.
A centaur comes into view.
The hound closely misses you.
The centaur shouts!
You tentacle-slap the hound.
The hound is severely wounded.
You constrict the hound. The hound closely misses you. The hound bites you.
You tentacle-slap the hound.
You kill the hound!
The centaur wields a +1 shortbow of draining.
You sense an unholy aura.
The centaur shoots an arrow.
The arrow hits you!
You feel drained.
Your life force feels restored.
Your Shapeshifting skill increases to level 6!
The centaur shoots an arrow.
The arrow barely misses you.
The centaur shoots an arrow.
The arrow hits you!
* * * LOW HITPOINT WARNING * * *
You feel drained.
You die...

... ##.
...###### ##
#c##....#
##### #
#.##.##.#
#...#
#.#...#.#
#...###
#.#.###.#
#...... #.#.#
#.#####......
#.#.#
#............
#.h.#
#............
#####
##...........
#...........
#...........
#...........
#########...
#... ####


You could see a centaur.

Vanquished Creatures
  A centaur (D:5)
  A bullfrog (D:3)
  2 hounds
  A jelly (D:5)
  2 iguanas (D:5)
  2 gnolls (D:3)
  4 adders
  3 dart slugs
  5 orcs
  6 bats
  7 endoplasms
  7 goblins
  2 hobgoblins (D:2)
  8 jackals
  10 kobolds
  A quokka (D:1)
  5 ball pythons
  2 frilled lizards
  5 rats
74 creatures vanquished.

Notes
Turn   | Place    | Note
-------+----------+-------------------------------------------
     0 | D:1      | redmage the Octopode Shapeshifter began the quest for the
                  | Orb.
     0 | D:1      | Reached XP level 1. HP: 13/13 MP: 1/1
     0 | D:1      | Noticed a demonspawn
     0 | D:1      | Noticed a spriggan
     1 | D:1      | Noticed a barachi
     1 | D:1      | Noticed a naga
     6 | D:1      | Noticed a spriggan
     7 | D:1      | Noticed a dwarf
     8 | D:1      | Noticed an octopode
    10 | D:1      | Noticed a barachi
    10 | D:1      | Noticed an ogre
    12 | D:1      | Noticed an ogre
    12 | D:1      | Noticed a troll
    14 | D:1      | Noticed a gargoyle
    16 | D:1      | Noticed a vampire
    16 | D:1      | Noticed an elf
    18 | D:1      | Noticed an elf
    18 | D:1      | Noticed a demonspawn
   184 | D:1      | Reached XP level 2. HP: 18/18 MP: 2/2
   403 | D:1      | Found a faded altar of an unknown god.
   947 | D:2      | Reached XP level 3. HP: 22/23 MP: 3/3
  1625 | D:3      | Found a glowing golden altar of the Shining One.
  1632 | D:3      | Found a radiant altar of Vehumet.
  1764 | D:3      | Reached XP level 4. HP: 20/28 MP: 4/4
  2111 | D:3      | Noticed a bullfrog
  2274 | D:4      | Reached XP level 5. HP: 33/33 MP: 5/5
  2418 | D:4      | Reached skill level 5 in Unarmed Combat
  2497 | D:3      | Reached skill level 4 in Shapeshifting
  2628 | D:4      | Reached XP level 6. HP: 35/38 MP: 6/6
  2712 | D:5      | Entered Level 5 of the Dungeon
  2717 | D:5      | Reached skill level 5 in Shapeshifting
  3059 | D:5      | Found a snail-covered altar of Cheibriados.
  3425 | D:5      | Reached skill level 6 in Shapeshifting
  3425 | D:5      | Shot with an arrow by a centaur

Illustrated notes

Levels and vault maps discovered:
D:1:      shiori_arrival_whats_in_store_for_you, layout_loops_ring,
          dilly_ecumenical_altar_fadedgnrine
D:2:      layout_basic
D:3:      layout_loops_ring, mainiacjoe_overflow_large_starburst,
          kennysheep_generic_room_16
D:4:      layout_basic, reono_crystal_passage
D:5:      cheibrodos_quashed, layout_basic, old_standard_altar,
          overflow_temple_1_default, serial_park_tiny_2, uniq_crazy_yiuf_cottage

Skill      XL: |  1  2  3  4  5  6 |
---------------+-------------------+-----
Unarmed Combat | 4 5 |  5.0
Shapeshifting  | 4 6 |  6.0
Fighting       | |  1.0
Dodging        | |  2.0

Action                     |  1- 3 |  4- 6 || total
---------------------------+-------+-------++-------
  Melee: Unarmed           |    75 |    81 ||   156
         Constrict         |    19 |    20 ||    39
         Tentacles         |     9 |    17 ||    26
         Punch             |     1 |     2 ||     3
  Throw: Boomerang         |       |     4 ||     4
    Use: Scroll            |       |    13 ||    13
         Potion            |       |     1 ||     1
   Stab: Sleeping          |     6 |     8 ||    14
         Distracted        |       |     1 ||     1
 Armour: Skin              |    28 |    39 ||    67
  Dodge: Dodged            |    49 |    49 ||    98

Table legend: (Time is in decaauts)
 A = Elapsed time spent in this place.
 B = Non-inter-level travel time spent in this place.
 C = Inter-level travel time spent in this place.
 D = Time resting spent in this place.
 E = Time spent auto-exploring this place.
 F = Levels seen in this place.
 G = Mean time per level.
                   A        B        C        D        E       F      G
               +--------+--------+--------+--------+--------+-----+--------+
         Total |   3414 |   3260 |    154 |    128 |   2407 |   5 |  682.8 |
       Dungeon |   3414 |   3260 |    154 |    128 |   2407 |   5 |  682.8 |
               +--------+--------+--------+--------+--------+-----+--------+

Top non-repeatable levels by time:
     D:2: 902 daAuts
     D:3: 740 daAuts
     D:1: 664 daAuts
     D:5: 649 daAuts
     D:4: 458 daAuts
